 Seeded DCSS version 0.30.1-6-gbe392663c4 (webtiles) character file.

Game seed: 15265865335305158418 (custom seed)

1 Psyclone the Grasshopper (level 1, 14/14 HPs)
             Began as an Octopode Warper on Sept 21, 2023.
             Was an Initiate of Gozag.
             Quit the game on level 1 of the Dungeon.
             The game lasted 00:01:20 (168 turns).

Psyclone the Grasshopper (Octopode Warper)           Turns: 168, Time: 00:01:21

Health: 14/14      AC:  1    Str: 10    XL:     1   Next: 20%
Magic:  3/3        EV: 13    Int: 15    God:    Gozag
Gold:   15         SH:  0    Dex: 11    Spells: 4/4 levels left

rFire   . . .        a - +0 short sword
rCold   . . .        (no shield)
rNeg    . . .        (helmet restricted)
rPois   .            (no amulet)
rElec   .            (no ring)
rCorr   .            (no ring)
SInv    .            (no ring)
Will    .....        (no ring)
Stlth   ++           (no ring)
HPRegen 0.22/turn    (no ring)
MPRegen 0.08/turn    (no ring)
                     (no ring)

%: no passive effects
@: no status effects
A: almost no armour, amphibious, 8 rings, camouflage 1, gelatinous body 1,
(nimble swimmer 1), tentacles
a: Renounce Religion, Potion Petition, Call Merchant, Bribe Branch


You were on level 1 of the Dungeon.
You worshipped Gozag.
Gozag was noncommittal.
You visited 1 branch of the dungeon, and saw 3 of its levels.

You collected 47 gold pieces.
You paid 32 gold pieces to Gozag.

Inventory:

Hand Weapons
 a - a +0 short sword (weapon)
Missiles
 c - 7 boomerangs of dispersal (quivered)
Jewellery
 f - the ring "Ligam" {rN+ Will+ rCorr}
   (You acquired it on level 1 of the Dungeon)

   [ring of resist corrosion]

   rN:        It protects you from negative energy.
   rCorr:     It protects you from acid and corrosion.
   Will:      It increases your willpower.
Scrolls
 b - 2 scrolls of blinking
Potions
 d - a potion of curing {unknown}
 e - a potion of berserk rage {unknown}
 g - a potion of brilliance {unknown}
 h - a potion of lignification {unknown}


   Skills:
 - Level 2.0 Fighting
 - Level 2.0 Short Blades
 - Level 1.0 Throwing
 - Level 2.3 Dodging
 + Level 0.8 Stealth
 - Level 2.0 Spellcasting
 - Level 3.0 Translocations


You had 4 spell levels left.
You didn't know any spells.
Your spell library contained the following spells:

 Spells                   Type           Power      Damage    Failure   Level
 Blink                    Tloc           20%        N/A       10%         2
 Lesser Beckoning         Tloc           20%        N/A       10%         2
 Teleport Other           Tloc           10%        N/A       19%         3
 Vhi's Electric Charge    Tloc/Air       12%        N/A       34%         3
 Manifold Assault         Tloc           10%        N/A       54%         4


Dungeon Overview and Level Annotations

Branches:
Dungeon (3/15) Zot: 17831

Altars:
Gozag


Innate Abilities, Weirdness & Mutations

You cannot wear most types of armour.
You are amphibious.
You can wear up to eight rings at the same time.
Your skin changes colour to match your surroundings (Stealth+).
Your rubbery body absorbs attacks. (AC +1, EV +1)
((You are camouflaged when in or above water. (Stealth+)))
You have tentacles for arms and can constrict up to eight enemies at once.


Message History

f - a scroll labelled UNGAEN QOERRUSS This is a scroll of acquirement!
Something appears before you!
f - the ring "Ligam" {rN+ Will+ rCorr} Health restored: 14
Found a whip.
g - a smoky emerald potion You see here a +0 whip.
Found a stone staircase leading down.
Found 5 stones.
There is a stone staircase leading down here.
You climb downwards.
There is a stone staircase leading up here.
Found a mace.
Found a stone staircase leading down.
Found 4 gold pieces.
Found a purple potion.
A kobold comes into view. It is wielding a +1 whip of distortion.
Found 13 gold pieces.
Found 13 gold pieces.
You now have 30 gold pieces (gained 13).
You now have 43 gold pieces (gained 13).
You now have 47 gold pieces (gained 4).
h - a purple potion
There is a stone staircase leading down here.
You climb downwards.
Found an opulent altar of Gozag.
There is a stone staircase leading up here.
There is an opulent altar of Gozag here.
You curl up in front of the altar of Gozag.
Gozag welcomes you!
You pay a service fee of 32 gold.
There is a stone staircase leading up here.
You climb upwards.
There is a stone staircase leading down here.
(D) Dungeon
Where to? (? - help)
There is a stone staircase leading up here.
You climb upwards.
There is a stone staircase leading down here.
Okay, then.
Are you sure you want to abandon this character and quit the game? (Confirm with "yes".)

##########
#........######
#.#.).........#
#.#.####.#....#
#.#.###.......#
#.#...........#
#.####........# #.#
#....†...#### #@#
#.#[#........
#.......#.#.#........
...........# #..........
...........#[###........
........(..#............
...........###...#######
...........###..........
.....##+####........####
###.#...#'...


There were no monsters in sight!

Vanquished Creatures
  A ball python (D:1)
1 creature vanquished.

Notes
Turn   | Place    | Note
-------+----------+-------------------------------------------
     0 | D:1      | Psyclone the Octopode Warper began the quest for the Orb.
     0 | D:1      | Reached XP level 1. HP: 14/14 MP: 3/3
    41 | D:1      | Identified a scroll of acquirement
    41 | D:1      | Acquired the ring "Ligam" {rN+ Will+ rCorr}
   139 | D:3      | Found an opulent altar of Gozag.
   146 | D:3      | Became a worshipper of Gozag Ym Sagoz the Greedy
   168 | D:1      | Quit the game

Illustrated notes

Levels and vault maps discovered:
D:1:      minmay_arrival_four_loops, layout_basic, chequers_serial_rivers_marsh,
          minivault_4
D:2:      layout_basic
D:3:      layout_loops_cross, marbit_many_paths, elyvilon_altar_1,
          grunt_gozag_statues, shapermc_ecumenical_altar_mp_vishouse,
          kennysheep_cross_room, corexii_hall_statues_i, uniq_natasha,
          uniq_grinder

Action                     || total
---------------------------++-------
  Melee: Short sword       ||     2
         Constrict         ||     1
         Tentacles         ||     1
    Use: Scroll            ||     1
  Dodge: Dodged            ||     1
